 Dungeon Crawl Stone Soup version 0.28-a0-1033-g1a2f33fa85 (webtiles) character file.

Game seed: 10351118779494172906

427 mainiacjoe the Shield-Bearer (level 6, -7/50 HPs)
             Began as a Palentonga Fighter on Dec 8, 2021.
             Killed by divine providence
             ... invoked by an orc priest
              (11 damage)
             ... on level 4 of the Dungeon.
             The game lasted 00:08:09 (2734 turns).

mainiacjoe the Shield-Bearer (Palentonga Fighter)   Turns: 2734, Time: 00:08:09

Health: -7/50      AC:  6    Str: 19    XL:     6   Next: 65%
Magic:  15/15      EV:  8    Int:  9    God:
Gold:   16         SH:  0    Dex: 11    Spells: 5/5 levels left

rFire   . . .      SeeInvis +   a - +1 battleaxe
rCold   . . .      Faith    .   (shield currently unavailable)
rNeg    . . .      Spirit   .   k - +0 ring mail
rPois   .          Reflect  .   (no helmet)
rElec   .          Harm     .   (no cloak)
rCorr   .          Rampage  .   (no gloves)
Will    .....                   (no barding)
Stlth   +.........              (no amulet)
HPRegen 0.16/turn               e - ring of magical power
MPRegen 0.14/turn               (no ring)

@: mighty
A: large, rugged brown scales 3, see invisible, deformed body, roll 1, armoured
tail
a: Rolling Charge


You were on level 4 of the Dungeon.
You visited 1 branch of the dungeon, and saw 4 of its levels.

You collected 66 gold pieces.
You spent 50 gold pieces at shops.

Inventory:

Hand Weapons
 a - a +1 battleaxe (weapon)
 m - a +0 trident
Missiles
 f - 79 arrows
 h - 86 stones (quivered)
 l - 19 bolts
Armour
 b - a +0 scale mail
 c - a +0 buckler
 k - a +0 ring mail (worn)
Jewellery
 e - a ring of magical power (left hand)
Scrolls
 g - 3 scrolls of identify
 i - 2 scrolls of blinking
 j - a scroll of summoning
 n - a scroll of fog


   Skills:
 - Level 3.0 Fighting
 + Level 3.9(4.9) Axes
 - Level 4.0(4.7) Polearms
 - Level 2.4 Armour
 - Level 4.0 Shields


You had 5 spell levels left.
You didn't know any spells.
Your spell library contained the following spells:

 Spells                   Type           Power      Damage    Failure   Level
 Magic Dart               Conj           0%         1d3       56%         1
 Call Imp                 Summ           0%         N/A       71%         2
 Mephitic Cloud           Conj/Pois/Air  0%         N/A       90%         3


Dungeon Overview and Level Annotations

Branches:
Dungeon (4/15)
 Temple: D:4-7

Altars:
Zin

Shops:
D:3 *


Innate Abilities, Weirdness & Mutations

You are completely covered in rugged brown scales. (AC +3, +7% HP)
You have supernaturally acute eyesight. (SInv)
Armour fits poorly on your strangely shaped body.
You can roll at nearby foes to attack.
You have a long armoured tail.


Message History

Roll where?
Press: ? - help, Dir - move target, f - orc priest
Aim: an orc priest, wielding a +0 dagger and wearing a +0 leather armour You roll forward with a clatter of scales!
You slice the orc priest!!
You kill the orc priest!
You hear a shout!
An orc comes into view. It is wielding a +0 flail.
An orc priest comes into view. It is wielding a +0 club.
The orc priest moves out of view.
You throw a stone. The stone hits the orc.
The orc is lightly wounded.
You throw a stone. The stone hits the orc.
The orc is moderately wounded.
Roll where?
Press: ? - help, Dir - move target, f/p - orc
Aim: an orc, wielding a +0 hand axe (moderately wounded)
You roll forward with a clatter of scales!
You hit the orc.
You kill the orc!
You hear a shout!
Roll where?
Press: ? - help, Dir - move target, f - orc
Aim: an orc, wielding a +0 flail and wearing a +0 leather armour You roll forward with a clatter of scales!
A goblin comes into view. It is wielding a +0 dagger.
You closely miss the orc.
The goblin shouts!
The orc hits you but does no damage.
An orc comes into view. It is wielding a +0 short sword.
The orc hits you with a +0 flail.
You barely miss the orc. The orc hits you with a +0 flail.
You closely miss the orc. The orc hits you with a +0 flail!
The orc hits you with a +0 flail.
The orc priest invokes the aid of Beogh against you.
Beogh smites you!
* * * LOW HITPOINT WARNING * * *
The orc priest calls down the wrath of Beogh upon you.
Beogh smites you!
You die...

.............##.#
.............##.#
................###
.......)...)......#
......(†(.(..####.########
.........................##
..........................#
..........^(..............##
###.......(.†.(@.....#.....##
#####........##....###....#
...######o##....# ####.# ####
#o#<....# ### #g#.....#
.o......# ...#........
....##......... ...<
..........


You could see an orc priest, 2 orcs and a goblin.

Vanquished Creatures
  Sigmund (D:2)
  A steam dragon (D:4)
  An orc priest (D:4)
  5 adders
  An adder skeleton (D:4)
  2 worms
  3 orcs
  4 ball pythons
  5 bats
  3 endoplasms
  4 giant cockroaches
  7 goblins
  4 hobgoblins (D:1)
  7 jackals
  3 quokkas
  4 frilled lizards
  10 kobolds
  4 rats
69 creatures vanquished.

Notes
Turn   | Place    | Note
-------+----------+-------------------------------------------
     0 | D:1      | mainiacjoe the Palentonga Fighter began the quest for the
                  | Orb.
     0 | D:1      | Reached XP level 1. HP: 19/19 MP: 1/1
   219 | D:1      | Reached XP level 2. HP: 25/25 MP: 2/2
   974 | D:2      | Reached XP level 3. HP: 31/31 MP: 3/3
  1011 | D:2      | Noticed Sigmund
  1024 | D:2      | Killed Sigmund
  1025 | D:2      | Reached XP level 4. HP: 30/37 MP: 4/4
  1025 | D:2      | Reached XP level 5. HP: 35/43 MP: 5/5
  1414 | D:2      | Found a glowing silver altar of Zin.
  2031 | D:3      | Reached skill level 1 in Axes
  2201 | D:3      | Found Ixzixose's General Store.
  2209 | D:3      | Bought a scroll of noise for 10 gold pieces
  2209 | D:3      | Bought a scroll of fog for 20 gold pieces
  2209 | D:3      | Bought a scroll of identify for 20 gold pieces
  2712 | D:4      | Noticed a steam dragon
  2716 | D:4      | Killed a steam dragon
  2717 | D:4      | Reached XP level 6. HP: 50/50 MP: 6/6
  2734 | D:4      | Killed from afar by an orc priest

Illustrated notes

Levels and vault maps discovered:
D:1:      minmay_arrival_five_plusses, layout_loops_corners,
          minmay_misc_feat_pillars
D:2:      layout_loops_cross, basic_altar, minmay_statues_item, minivault_27,
          uniq_sigmund
D:3:      layout_basic, serial_shops, shop,
          nicolae_concentric_dashed_squares_mild, amethyst_killhole
D:4:      layout_rooms, nicolae_qazlal_general_emergency, minmay_joined_circles

Skill      XL: |  1  2  3  4  5 |
---------------+----------------+-----
Polearms       | 2 3 4 |  4.0
Shields        | 3 4 |  4.0
Axes           | 3 |  3.9
Fighting       | |  3.0
Armour         | |  2.4

Action                   |  1- 3 |  4- 6 || total
-------------------------+-------+-------++-------
Melee: Trident           |    65 |    33 ||    98
       Tailslap          |     5 |    10 ||    15
       Battleaxe         |       |    67 ||    67
Throw: Stone             |       |    55 ||    55
 Abil: Rolling Charge    |    19 |    15 ||    34
  Use: Potion            |     1 |     1 ||     2
       Scroll            |       |     4 ||     4
Armor: Scale mail        |    20 |    31 ||    51
       Ring mail         |       |    16 ||    16
Dodge: Dodged            |    10 |    39 ||    49
Block: Buckler           |     7 |     3 ||    10

Table legend: (Time is in decaauts)
 A = Elapsed time spent in this place.
 B = Non-inter-level travel time spent in this place.
 C = Inter-level travel time spent in this place.
 D = Time resting spent in this place.
 E = Time spent auto-exploring this place.
 F = Levels seen in this place.
 G = Mean time per level.
                   A        B        C        D        E       F      G
               +--------+--------+--------+--------+--------+-----+--------+
         Total |   2791 |   2561 |    230 |      0 |   2100 |   4 |  697.8 |
       Dungeon |   2791 |   2561 |    230 |      0 |   2100 |   4 |  697.8 |
               +--------+--------+--------+--------+--------+-----+--------+

Top non-repeatable levels by time:
     D:1: 1102 daAuts
     D:2: 833 daAuts
     D:3: 683 daAuts
     D:4: 171 daAuts
